IL
CHARLOTTE KNIGHTS @ SALT LAKE BEES
05/24/2049
 
TOP OF THE 1ST
Charlotte Knights batting - Pitching for Salt Lake Bees : RHP Erick Vazquez
Pitching: RHP Erick Vazquez
Batting: RHB Jeremy Hoffert 0-0: Bunt for hit to 13 - play at first, batter safe!
Batting: LHB Adam Tarbutton 0-0: Called Strike
0-1: Ball
Jeremy Hoffert is caught stealing 2nd base 2-6
1-1: Ball
2-1: Foul Ball, location: 2F
2-2: Ball
3-2: Base on Balls
Batting: LHB Ricardo Pagan 0-0: Foul Ball, location: 2F
0-1: Called Strike
Adam Tarbutton is caught stealing 2nd base 2-6
0-2: Ball
1-2: Foul Ball, location: 2F
1-2: Fly out, F7 (Flyball, 78S, EV 88.1 MPH)
Top of the 1st over - 0 runs, 1 hit, 0 errors, 0 left on base; Charlotte 0 - Salt Lake 0
BOTTOM OF THE 1ST
Salt Lake Bees batting - Pitching for Charlotte Knights : RHP Jose Barragan
Pitching: RHP Jose Barragan
Batting: RHB Kian-tat Chen 0-0: Foul Ball, location: 2F
0-1: Ball
1-1: Ground out 6-3 (Groundball, 56D, EV 104.4 MPH)
Batting: RHB Josh Faulconer 0-0: Foul Ball, location: 2F
0-1: Foul Ball, location: 2F
0-2: Ball
1-2: Ball
2-2: Ball
3-2: SINGLE (Line Drive, 89S, EV 100.6 MPH)
Batting: LHB Micah Miller 0-0: Called Strike
0-1: Ball
1-1: Ball
2-1: Foul Ball, location: 2F
2-2: SINGLE (Groundball, 56S, EV 68.1 MPH) (infield hit)
Josh Faulconer to second
Batting: SHB Mario Padron 0-0: Ball
1-0: Called Strike
1-1: Ball
2-1: Foul Ball, location: 2F
2-2: Foul Ball, location: 2F
2-2: Strikes out swinging
Batting: RHB Ryuji Ito 0-0: Ball
1-0: Called Strike
1-1: Ball
2-1: 3-RUN HOME RUN (Flyball, 7LD, EV 94.4 MPH), Distance : 362 ft
Batting: RHB Jimmy Buzard 0-0: Called Strike
0-1: Called Strike
0-2: Foul Ball, location: 2F
0-2: Ball
1-2: Foul Ball, location: 2F
1-2: Strikes out looking
Bottom of the 1st over - 3 runs, 3 hits, 0 errors, 0 left on base; Charlotte 0 - Salt Lake 3
TOP OF THE 2ND
Charlotte Knights batting - Pitching for Salt Lake Bees : RHP Erick Vazquez
Batting: RHB Mike Warzecha 0-0: Ball
1-0: Ground out 4-3 (Groundball, 4, EV 85.0 MPH)
Batting: SHB Ethan Villalobos 0-0: Called Strike
0-1: Foul Ball, location: 2F
0-2: Ball
1-2: Ball
2-2: SINGLE (Groundball, 4MS, EV 67.5 MPH) (infield hit)
Batting: RHB Kikuo Sato 0-0: Foul Ball, location: 2F
0-1: Grounds into double play, 6-4-3 (Groundball, 56, EV 85.0 MPH)
Top of the 2nd over - 0 runs, 1 hit, 0 errors, 0 left on base; Charlotte 0 - Salt Lake 3
BOTTOM OF THE 2ND
Salt Lake Bees batting - Pitching for Charlotte Knights : RHP Jose Barragan
Batting: RHB Brandon Davis 0-0: Fly out, F4 (Line Drive, 4, EV 63.1 MPH)
Batting: RHB Timoleon Tsikouna 0-0: SINGLE (Groundball, 4D, EV 100.0 MPH)
Batting: LHB Larry Prey 0-0: Called Strike
0-1: TRIPLE (Line Drive, 8RXD, EV 102.5 MPH)
Timoleon Tsikouna scores
Batting: RHB Kian-tat Chen 0-0: Ball
1-0: Called Strike
1-1: Ball
2-1: Ball
3-1: Swinging Strike
3-2: Foul Ball, location: 2F
3-2: Foul Ball, location: 2F
3-2: Strikes out swinging
Batting: RHB Josh Faulconer 0-0: Ball
1-0: Called Strike
1-1: SINGLE (Line Drive, 9LS, EV 100.0 MPH)
Larry Prey scores
Batting: LHB Micah Miller Balk!
Josh Faulconer to second
0-0: Called Strike
0-1: Ball
1-1: Ball
2-1: Foul Ball, location: 2F
2-2: Ball
3-2: Base on Balls
Batting: SHB Mario Padron 0-0: Swinging Strike
0-1: Ball
1-1: Ball
2-1: Called Strike
2-2: Strikes out swinging
Bottom of the 2nd over - 2 runs, 3 hits, 0 errors, 2 left on base; Charlotte 0 - Salt Lake 5
TOP OF THE 3RD
Charlotte Knights batting - Pitching for Salt Lake Bees : RHP Erick Vazquez
Batting: SHB Josh Conner 0-0: Ball
1-0: Called Strike
1-1: Ball
2-1: Foul Ball, location: 2F
2-2: Strikes out swinging
Batting: RHB Jose Marquez 0-0: Ground out 5-3 (Groundball, 56S, EV 92.5 MPH)
Batting: RHB Steve Waltenbery 0-0: Foul Ball, location: 2F
0-1: Fly out, F7 (Flyball, 7, EV 85.0 MPH)
Top of the 3rd over - 0 runs, 0 hits, 0 errors, 0 left on base; Charlotte 0 - Salt Lake 5
BOTTOM OF THE 3RD
Salt Lake Bees batting - Pitching for Charlotte Knights : RHP Jose Barragan
Batting: RHB Ryuji Ito 0-0: Called Strike
0-1: Fly out, F8 (Flyball, 8RM, EV 92.5 MPH)
Batting: RHB Jimmy Buzard 0-0: Ball
1-0: Swinging Strike
1-1: Swinging Strike
1-2: Ball
2-2: Ball
3-2: Foul Ball, location: 2F
3-2: Strikes out swinging
Batting: RHB Brandon Davis 0-0: Called Strike
0-1: Ball
1-1: Ball
2-1: SINGLE (Line Drive, 9LS, EV 101.9 MPH)
Pitching: RHP Dicky Goedhart
Batting: RHB Timoleon Tsikouna 0-0: Called Strike
Brandon Davis is caught stealing 2nd base 2-4
Bottom of the 3rd over - 0 runs, 1 hit, 0 errors, 0 left on base; Charlotte 0 - Salt Lake 5
TOP OF THE 4TH
Charlotte Knights batting - Pitching for Salt Lake Bees : RHP Erick Vazquez
Batting: RHB Jeremy Hoffert 0-0: SINGLE (Groundball, 4MD, EV 100.6 MPH)
Batting: LHB Adam Tarbutton 0-0: Ball
1-0: Ball
2-0: Called Strike
2-1: Called Strike
Jeremy Hoffert steals 2nd base
2-2: DOUBLE (Groundball, 3D, EV 100.6 MPH)
Jeremy Hoffert scores
Batting: LHB Ricardo Pagan 0-0: Ball
1-0: Ball
2-0: Ground out 4-3 (Groundball, 4, EV 84.4 MPH)
Adam Tarbutton to third
Batting: RHB Mike Warzecha 0-0: Foul Ball, location: 2F
0-1: SINGLE (Groundball, 56D, EV 96.2 MPH)
Adam Tarbutton scores
Batting: SHB Ethan Villalobos 0-0: Called Strike
0-1: Ball
1-1: Ball
2-1: Fly out, F9 (Flyball, 9S, EV 71.2 MPH)
Batting: RHB Kikuo Sato 0-0: Ball
1-0: Foul Ball, location: 2F
1-1: Ball
2-1: Ball
3-1: Foul Ball, location: 2F
3-2: Foul Ball, location: 2F
3-2: Strikes out looking
Top of the 4th over - 2 runs, 3 hits, 0 errors, 1 left on base; Charlotte 2 - Salt Lake 5
BOTTOM OF THE 4TH
Salt Lake Bees batting - Pitching for Charlotte Knights : RHP Dicky Goedhart
Batting: RHB Timoleon Tsikouna 0-0: Called Strike
0-1: Fly out, F8 (Flyball, 8LM, EV 93.8 MPH)
Batting: LHB Larry Prey 0-0: Called Strike
0-1: Ball
1-1: Ball
2-1: Ball
3-1: Ground out U3 (Groundball, 34, EV 86.2 MPH)
Batting: RHB Kian-tat Chen 0-0: Ground out 6-3 (Groundball, 6, EV 101.9 MPH)
Bottom of the 4th over - 0 runs, 0 hits, 0 errors, 0 left on base; Charlotte 2 - Salt Lake 5
TOP OF THE 5TH
Charlotte Knights batting - Pitching for Salt Lake Bees : RHP Erick Vazquez
Batting: SHB Josh Conner 0-0: Ball
1-0: Ball
2-0: Ball
3-0: Base on Balls
Batting: RHB Jose Marquez 0-0: Swinging Strike
0-1: Fielders Choice at 2nd, 6-4 (Groundball, 6S, EV 88.1 MPH)
Batting: RHB Steve Waltenbery 0-0: Foul Ball, location: 2F
0-1: Ball
1-1: Ball
2-1: Swinging Strike
2-2: Fly out, F8 (Line Drive, 78M, EV 85.6 MPH)
Batting: RHB Jeremy Hoffert 0-0: Ball
1-0: SINGLE (Groundball, 6S, EV 65.6 MPH) (infield hit)
Jose Marquez to second
Batting: LHB Adam Tarbutton 0-0: Ball
1-0: Fielders Choice at 2nd, 5-4 (Groundball, 56, EV 89.4 MPH)
Top of the 5th over - 0 runs, 1 hit, 0 errors, 2 left on base; Charlotte 2 - Salt Lake 5
BOTTOM OF THE 5TH
Salt Lake Bees batting - Pitching for Charlotte Knights : RHP Dicky Goedhart
Now at 3B: John Iddings
Batting: RHB Josh Faulconer 0-0: Ball
1-0: Ground out 6-3 (Groundball, 6, EV 81.9 MPH)
Batting: LHB Micah Miller 0-0: Ball
1-0: Ball
2-0: Called Strike
2-1: Swinging Strike
2-2: Foul Ball, location: 2F
2-2: Fly out, F9 (Flyball, 9, EV 75.0 MPH)
Batting: SHB Mario Padron 0-0: Fly out, F3 (Popup, 23F, EV 84.4 MPH)
Bottom of the 5th over - 0 runs, 0 hits, 0 errors, 0 left on base; Charlotte 2 - Salt Lake 5
TOP OF THE 6TH
Charlotte Knights batting - Pitching for Salt Lake Bees : RHP Erick Vazquez
Batting: LHB Ricardo Pagan 0-0: SINGLE (Groundball, 34D, EV 99.4 MPH)
Batting: RHB Mike Warzecha 0-0: Called Strike
0-1: SINGLE (Line Drive, 8RS, EV 102.5 MPH)
Ricardo Pagan to second
Batting: SHB Ethan Villalobos 0-0: Swinging Strike
0-1: Swinging Strike
0-2: Foul Ball, location: 2F
0-2: Ball
1-2: SINGLE (Groundball, 4, EV 96.9 MPH)
Ricardo Pagan to third
Mike Warzecha to second
Pinch Hitting: RHB Chris Cooper 0-0: Called Strike
0-1: Ball
1-1: Called Strike
1-2: Foul Ball, location: 2F
1-2: Fly out, F8 (Line Drive, 8LD, EV 93.8 MPH)
Runner from 3rd tags up, SCORES, throw by CF
Pinch Runner at 2nd Dunlang Clark:
Pinch Hitting: LHB John Thurman 0-0: Called Strike
Dunlang Clark is caught stealing 3rd base 2-5
0-1: Fly out, F7 (Line Drive, 7S, EV 96.9 MPH)
Top of the 6th over - 1 run, 3 hits, 0 errors, 1 left on base; Charlotte 3 - Salt Lake 5
BOTTOM OF THE 6TH
Salt Lake Bees batting - Pitching for Charlotte Knights : RHP Dicky Goedhart
Now at 1B: Dunlang Clark
Now at 3B: Micah Brown
Now in CF: John Thurman
Batting: RHB Ryuji Ito 0-0: Ball
1-0: Foul Ball, location: 2F
1-1: Foul Ball, location: 2F
1-2: Foul Ball, location: 2F
1-2: Ball
2-2: Fly out, F9 (Flyball, 89M, EV 93.8 MPH)
Batting: RHB Jimmy Buzard 0-0: Ground out 4-3 (Groundball, 4, EV 89.4 MPH)
Batting: RHB Brandon Davis 0-0: Ball
1-0: Ball
2-0: Ball
3-0: Base on Balls
Batting: RHB Timoleon Tsikouna 0-0: Called Strike
Brandon Davis steals 2nd base
0-1: Ball
1-1: Foul Ball, location: 2F
1-2: Ground out 5-3 (Groundball, 56, EV 90.6 MPH)
Bottom of the 6th over - 0 runs, 0 hits, 0 errors, 1 left on base; Charlotte 3 - Salt Lake 5
TOP OF THE 7TH
Charlotte Knights batting - Pitching for Salt Lake Bees : RHP Erick Vazquez
Batting: RHB Jose Marquez 0-0: SINGLE (Line Drive, 89S, EV 108.8 MPH)
Batting: RHB Steve Waltenbery 0-0: Ball
1-0: Ball
2-0: Called Strike
2-1: Foul Ball, location: 2F
2-2: Ball
3-2: Base on Balls
Jose Marquez to second
Pinch Runner at 2nd Alberto Carrasco:
Batting: RHB Jeremy Hoffert 0-0: Ball
1-0: Bunted foul
1-1: Sac Bunt to 2L - play at first, batter OUT! 2-4
Alberto Carrasco to third
Steve Waltenbery to second
Batting: LHB Adam Tarbutton 0-0: Ball
1-0: Fly out, F9 (Flyball, 9, EV 81.2 MPH)
Runner from 3rd tags up, OUT at HOME! 9-2
Top of the 7th over - 0 runs, 1 hit, 0 errors, 1 left on base; Charlotte 3 - Salt Lake 5
BOTTOM OF THE 7TH
Salt Lake Bees batting - Pitching for Charlotte Knights : RHP Dicky Goedhart
Pitching: RHP Maury Compson
Now at 2B: Josiah Wright
Now at SS: Steve Waltenbery
Batting: LHB Larry Prey 0-0: Ball
1-0: Ball
2-0: Called Strike
2-1: Foul Ball, location: 2F
2-2: Ball
3-2: Ground out 3-1 (Groundball, 34, EV 75.6 MPH)
Batting: RHB Kian-tat Chen 0-0: Foul Ball, location: 2F
0-1: Foul Ball, location: 2F
0-2: Strikes out looking
Batting: RHB Josh Faulconer 0-0: Ball
1-0: Swinging Strike
1-1: Foul Ball, location: 2F
1-2: Foul Ball, location: 2F
1-2: Ball
2-2: Foul Ball, location: 2F
2-2: Foul Ball, location: 2F
2-2: Ball
3-2: Fly out, F8 (Flyball, 8RS, EV 96.2 MPH)
Bottom of the 7th over - 0 runs, 0 hits, 0 errors, 0 left on base; Charlotte 3 - Salt Lake 5
TOP OF THE 8TH
Charlotte Knights batting - Pitching for Salt Lake Bees : RHP Erick Vazquez
Batting: LHB Ricardo Pagan 0-0: Called Strike
0-1: Ball
1-1: Called Strike
1-2: Ball
2-2: Foul Ball, location: 2F
2-2: Foul Ball, location: 2F
2-2: Fly out, F7 (Flyball, 7S, EV 93.8 MPH)
Pitching: RHP Josh Reynolds
Pinch Hitting: LHB Justin Stickney 0-0: Hit by Pitch
Batting: SHB Ethan Villalobos 0-0: DOUBLE (Line Drive, 3D, EV 103.8 MPH)
Justin Stickney to third
Runner from 3rd tries for Home, SAFE, throw by RF to home
Batting: RHB Micah Brown 0-0: Ball
1-0: Foul Ball, location: 2F
1-1: Ground out 4-3 (Groundball, 4, EV 88.1 MPH)
Ethan Villalobos to third
Batting: LHB John Thurman 0-0: Fly out, F9 (Flyball, 9S, EV 91.2 MPH)
Top of the 8th over - 1 run, 1 hit, 0 errors, 1 left on base; Charlotte 4 - Salt Lake 5
BOTTOM OF THE 8TH
Salt Lake Bees batting - Pitching for Charlotte Knights : RHP Maury Compson
Pitching: RHP Chris Worster
Now at 1B: Justin Stickney
Batting: LHB Micah Miller 0-0: Foul Ball, location: 2F
0-1: Ground out U3 (Groundball, 34S, EV 78.8 MPH)
Batting: SHB Mario Padron 0-0: Ball
1-0: Called Strike
1-1: Ball
2-1: Ball
3-1: Base on Balls
Batting: RHB Ryuji Ito 0-0: Called Strike
0-1: Swinging Strike
0-2: Ball
1-2: Ball
2-2: Strikes out swinging
Batting: RHB Jimmy Buzard 0-0: Called Strike
Mario Padron steals 2nd base (no throw)
0-1: Swinging Strike
0-2: Ball
1-2: Ball
2-2: Fly out, F8 (Flyball, 8RD, EV 82.5 MPH)
Bottom of the 8th over - 0 runs, 0 hits, 0 errors, 1 left on base; Charlotte 4 - Salt Lake 5
TOP OF THE 9TH
Charlotte Knights batting - Pitching for Salt Lake Bees : RHP Josh Reynolds
Pitching: LHP Vinny Zavala
Now in RF: Barrfhionn O'Toole
Batting: RHB Josiah Wright 0-0: Called Strike
0-1: Called Strike
0-2: Ball
1-2: SOLO HOME RUN (Flyball, 78XD, EV 98.1 MPH), Distance : 399 ft
Batting: RHB Steve Waltenbery 0-0: Ground out 5-3 (Groundball, 5, EV 76.2 MPH)
Batting: RHB Jeremy Hoffert 0-0: Called Strike
0-1: Called Strike
0-2: Foul Ball, location: 2F
0-2: Foul Ball, location: 2F
0-2: Ball
1-2: Strikes out swinging, 2-3 out at first.
Pinch Hitting: RHB Mark Jones 0-0: Foul Ball, location: 2F
0-1: SINGLE (Line Drive, 56, EV 99.4 MPH)
Pinch Hitting: RHB Manny Mendoza 0-0: DOUBLE (Line Drive, 3D, EV 98.8 MPH)
Mark Jones to third
Pinch Hitting: RHB Fletcher Easter 0-0: Ball
1-0: Ball
2-0: Called Strike
2-1: Called Strike
2-2: Strikes out swinging
Top of the 9th over - 1 run, 3 hits, 0 errors, 2 left on base; Charlotte 5 - Salt Lake 5
BOTTOM OF THE 9TH
Salt Lake Bees batting - Pitching for Charlotte Knights : RHP Chris Worster
Pitching: RHP Tommy Benedict
Now at C: Noel Wilson
Now at 1B: Olaf Zoeteman
Now in RF: Mike Savage
Pinch Hitting: SHB Butch Brown 0-0: Ball
1-0: Called Strike
1-1: Ball
2-1: DOUBLE (Line Drive, 5D, EV 111.2 MPH)
Pinch Hitting: LHB Justin Balthazor 0-0: Intentional Walk
Batting: LHB Larry Prey 0-0: Called Strike
0-1: Hit by Pitch
Butch Brown to third
Justin Balthazor to second
Pinch Hitting: LHB Brett Bugge 0-0: Fly out, F7 (Line Drive, 7, EV 89.4 MPH)
Runner from 3rd tags up, SCORES, throw by LF
Bottom of the 9th over - 1 run, 1 hit, 0 errors, 2 left on base; Charlotte 5 - Salt Lake 6
Sunday, July 16th , 2023 - OOTP Baseball 24.6 Build 69